 Seeded DCSS version 0.32-a0-918-g0f22ef8d61 (webtiles) character file.

Game seed: 10697857453252290824 (custom seed)

270 innerfire43 the Trooper (level 6, 0/47 HPs)
             Began as a Demonspawn Wanderer on Apr 10, 2024.
             Succumbed to a gnoll sergeant's poison
             ... on level 3 of the Dungeon.
             The game lasted 00:04:33 (1937 turns).

innerfire43 the Trooper (Demonspawn Wanderer)       Turns: 1937, Time: 00:04:34

Health: 0/47       AC: 12    Str: 15    XL:     6   Next: 1%
Magic:  6/6        EV:  8    Int: 12    God:
Gold:   208        SH:  0    Dex: 12    Spells: 5/5 levels left

rFire   . . .        j - +7 rapier (venom)
rCold   . . .        c - +0 buckler
rNeg    . . .        m - +0 scale mail
rPois   .            (no helmet)
rElec   .            (no cloak)
rCorr   .            (no gloves)
SInv    .            (no boots)
Will    .....        (no amulet) Stlth
                     f - +4 ring of protection
HPRegen 0.27/turn    (no ring)
MPRegen 0.10/turn

%: no passive effects
@: confused, brilliant, lethally poisoned (0 -> -5)
A: molten scales 1, powered by death 1, demonic touch 1
a: no special abilities


You were on level 3 of the Dungeon.
You visited 1 branch of the dungeon, and saw 3 of its levels.

You collected 208 gold pieces.

Inventory:

Hand Weapons
 a - a +2 hand axe
 b - a +0 spear
 j - a +7 rapier of venom (weapon)
Armour
 c - a +0 buckler (worn)
 e - a +0 robe
 m - a +0 scale mail (worn)
Jewellery
 f - a +4 ring of protection (left hand)
Potions
 d - 2 potions of lignification
 g - a potion of brilliance
 h - a potion of haste {unknown}
 i - 3 potions of heal wounds {unknown}
 k - a potion of might {unknown}
 l - a potion of curing {unknown}


   Skills:
 * Level 3.2 Fighting
 * Level 1.5 Short Blades
 - Level 2.5(2.6) Axes
 - Level 1.0(1.9) Polearms
 - Level 1.0 Throwing
 + Level 2.6 Armour
 - Level 2.6 Dodging
 - Level 1.0 Stealth
 + Level 2.2 Shields
 - Level 1.0 Evocations


You had 5 spell levels left.
You didn't know any spells.
Your spell library contained the following spells:

 Spells                   Type           Power      Damage    Failure   Level
 Sandblast                Erth           0%         2d4       86%         1
 Stone Arrow              Conj/Erth      0%         3d7       99%         3
 Brom's Barrelling Bould  Conj/Erth      0%         2d3       100%        4


Dungeon Overview and Level Annotations

Branches:
Dungeon (3/15)

Altars:
Uskayaw

Shops:
D:2 :


Innate Abilities, Weirdness & Mutations

You are partially covered in molten scales. (AC +2)
You regenerate a little health from kills.
Your touch may inflict minor irresistible damage on your foes.


Message History

You feel very sick. You block the orc's attack.
The gnoll hits you but does no damage. The gnoll closely misses you.
The gnoll sergeant hits you from afar with a +2 spear of venom.
The gnoll hits you but does no damage.
There are monsters nearby!
You barely miss the gnoll.
The gnoll is almost dead.
You feel sick.
The gnoll sergeant hits you from afar with a +2 spear of venom.
You are more poisoned.
The orc hits you with a +0 flail. You block the gnoll's attack.
The gnoll hits you but does no damage. The gnoll closely misses you.
There are monsters nearby!
You are too injured to fight recklessly!
Unknown command.
There are monsters nearby!
You are too injured to fight recklessly!
Unknown command.
You are too injured to fight recklessly!
You feel very sick.
You feel very sick. The orc attacks as it pursues you!
The orc hits you with a +0 flail.
* * * LOW HITPOINT WARNING * * *
* * * LOW HITPOINT WARNING * * *
You feel sick. The orc attacks as it pursues you! The orc misses you.
The gnoll hits you but does no damage.
You puncture the orc!
You kill the orc!
* * * LOW HITPOINT WARNING * * *
You feel sick.
You hear some strange, mumbled words.
You are confused.
The gnoll barely misses you.
The gnoll hits you from afar with a +0 spear.
* * * LOW HITPOINT WARNING * * *
Unknown command.
It was a potion of brilliance.
You feel clever all of a sudden.
You die...

##############################...
# #+## ################ #.
...#ß..ß#....... #.
ß..'....'....... #.
ß..'....gggg.... #.
..#..go#.o..... #. #..g{#######'
#. #...@# #. #....# #. # #....#
#+##
#############''''#############...
#............................#gg.
#≈~~~~~~~~~~≈....~~≈~~≈~~~~~~####
≈≈≈≈≈≈≈≈≈~≈≈~....~≈≈≈≈≈≈~≈≈≈≈≈≈≈≈
≈~~~~~≈~~~~~~....~≈~~~)÷~÷≈~~≈~~~
..................(....).........


You could see 3 gnolls and an orc.

Vanquished Creatures
  An orc priest (D:3)
  3 hounds (D:3)
  An orc wizard (D:3)
  3 gnolls (D:3)
  3 adders
  4 orcs (D:3)
  6 bats
  4 endoplasms
  3 giant cockroaches
  5 goblins
  5 hobgoblins
  14 jackals (D:3)
  2 quokkas
  3 ball pythons
  3 frilled lizards
  5 kobolds
  4 rats
69 creatures vanquished.

Notes
Turn   | Place    | Note
-------+----------+-------------------------------------------
     0 | D:1      | innerfire43 the Demonspawn Wanderer began the quest for the
                  | Orb.
     0 | D:1      | innerfire43 set off with the following items: a +2 hand
                  | axe, a +0 spear, a +0 buckler, a potion of lignification, a
                  | +0 robe.
     0 | D:1      | Reached XP level 1. HP: 13/13 MP: 1/1
   113 | D:1      | Gained mutation: You regenerate a little health from kills.
                  | [demonic ancestry]
   113 | D:1      | Reached XP level 2. HP: 19/20 MP: 2/2
   194 | D:1      | Reached skill level 1 in Fighting
   235 | D:1      | Reached skill level 1 in Armour
   507 | D:2      | Reached XP level 3. HP: 24/26 MP: 3/3
   765 | D:2      | Found Ledgh's Book Emporium.
  1229 | D:3      | Found a faded altar of an unknown god.
  1279 | D:3      | Reached skill level 2 in Fighting
  1279 | D:3      | Gained mutation: You are partially covered in molten
                  | scales. (AC +2) [demonic ancestry]
  1279 | D:3      | Reached XP level 4. HP: 26/33 MP: 4/4
  1310 | D:3      | Reached XP level 5. HP: 17/39 MP: 5/5
  1319 | D:3      | Identified a scroll of acquirement
  1319 | D:3      | Acquired a +6 rapier of protection
  1534 | D:3      | Reached skill level 3 in Fighting
  1534 | D:3      | Reached skill level 1 in Short Blades
  1746 | D:3      | Found a hide-covered altar of Uskayaw.
  1866 | D:3      | Gained mutation: Your touch may inflict minor irresistible
                  | damage on your foes. [demonic ancestry]
  1866 | D:3      | Reached XP level 6. HP: 36/47 MP: 6/6
  1936 | D:3      | HP: 2/47 [gnoll/+0 spear (5)]
  1937 | D:3      | Succumbed to a gnoll sergeant's poison

Illustrated notes

Levels and vault maps discovered:
D:1:      ebering_trefoil_twist, layout_rooms, grunt_decor_junction,
          kennysheep_decorative_pillar
D:2:      layout_basic, serial_shops, nicolae_book_shop_shelving,
          minmay_misc_feat_square
D:3:      lemuel_castle_with_subvaults [lemuel_castle_interior_carwin_2],
          layout_basic, nicolae_overflow_ecumenical_swirl, dk_noncrumbling_3,
          minmay_misc_feat_iff

Skill      XL: |  1  2  3  4  5 |
---------------+----------------+-----
Fighting       | 1 2 3 |  3.2
Armour         | 1 2 |  2.6
Axes           | 2 |  2.5
Shields        | 2 |  2.2
Short Blades   | 1 |  1.5
Polearms       | |  1.0
Throwing       | |  1.0
Dodging        | |  2.6
Stealth        | |  1.0
Evocations     | |  1.0

Action                     |  1- 3 |  4- 6 || total
---------------------------+-------+-------++-------
  Melee: Hand axe          |   109 |    38 ||   147
         Rapier            |       |    85 ||    85
    Use: Scroll            |       |     6 ||     6
         Potion            |       |     1 ||     1
 Armour: Robe              |    27 |       ||    27
         Scale mail        |    52 |   190 ||   242
  Dodge: Dodged            |    48 |    95 ||   143
  Block: Buckler           |    18 |    50 ||    68

Table legend: (Time is in decaauts)
 A = Elapsed time spent in this place.
 B = Non-inter-level travel time spent in this place.
 C = Inter-level travel time spent in this place.
 D = Time resting spent in this place.
 E = Time spent auto-exploring this place.
 F = Levels seen in this place.
 G = Mean time per level.
                   A        B        C        D        E       F      G
               +--------+--------+--------+--------+--------+-----+--------+
         Total |   2004 |   1981 |     23 |      0 |   1341 |   3 |  668.0 |
       Dungeon |   2004 |   1981 |     23 |      0 |   1341 |   3 |  668.0 |
               +--------+--------+--------+--------+--------+-----+--------+

Top non-repeatable levels by time:
     D:3: 871 daAuts
     D:2: 705 daAuts
     D:1: 427 daAuts
